 Dungeon Crawl Stone Soup version 0.31-a0-920-g28cbb04a8c (webtiles) character file.

Game seed: 723300255188900203

39 ytrimaz the Insei (level 3, 0/23 HPs)
             Began as an Octopode Shapeshifter on Oct 17, 2023.
             Slain by a worm (7 damage)
             ... on level 2 of the Dungeon.
             The game lasted 00:01:00 (871 turns).

ytrimaz the Insei (Octopode Shapeshifter)            Turns: 871, Time: 00:01:01

Health: 0/23       AC:  1    Str: 13    XL:     3   Next: 45%
Magic:  3/3        EV: 13    Int: 12    God:
Gold:   30         SH:  0    Dex: 13    Spells: 2/2 levels left

rFire   . .          .
                       - Unarmed
rCold   . . .        (no shield)
rNeg    . . .        (helmet currently unavailable)
rPois   .            (no amulet)
rElec   .            (no ring)
rCorr   .            (no ring)
SInv    .            (no ring)
Will    .....        (no ring)
Stlth   +++          (no ring)
HPRegen 0.23/turn    (no ring)
MPRegen 0.08/turn    (no ring)
                     (no ring)

%: no passive effects
@: beast-form
A: beast (slay +1), almost no armour, amphibious, 8 rings, camouflage 1,
gelatinous body 1, (nimble swimmer 1), tentacles
a: Begin Untransformation


You were on level 2 of the Dungeon.
You were a hulking beast.
You visited 1 branch of the dungeon, and saw 2 of its levels.

You collected 30 gold pieces.


Innate Abilities, Weirdness & Mutations

You are a hulking beast.
Your limbs bulge with bestial killing power. (Slay +1)
You cannot wear most types of armour.
You are amphibious.
You can wear up to eight rings at the same time.
Your skin changes colour to match your surroundings (Stealth+).
Your rubbery body absorbs attacks. (AC +1, EV +1)
((You are camouflaged when in or above water. (Stealth+)))
You have tentacles for arms and can constrict up to eight enemies at once.


   Skills:
 - Level 1.0 Fighting
 + Level 2.7 Dodging
 + Level 2.3 Stealth
 + Level 3.4 Unarmed Combat
 - Level 3.0 Shapeshifting


You had 2 spell levels left.
You didn't know any spells.
Your spell library contained the following spells:

 Spells                   Type           Power      Damage    Failure   Level
 Iskenderun's Battlesphe  Conj           0%         2d6       100%        5
 Bombard                  Conj/Erth      0%         9d1       100%        6
 Spellforged Servitor     Conj/Summ      0%         N/A       100%        7

Inventory:

Talismans
 b - a beast talisman (active)
 c - a flux talisman
Scrolls
 d - a scroll of revelation {unknown}
Potions
 a - a potion of lignification
 e - 2 potions of might {unknown}

Dungeon Overview and Level Annotations

Branches:
Dungeon (2/15) Zot: 11130

Altars:

Shops:
D:1

? "... .##b# #.(.##
.g....# ..#... #.....
.......###.###^. #....#
...............(###....#
...........####........#
.....[. #.....###.......
#..#...##.......$#......
#....#...........<..†#..
..$...wh##.......#......
#................#......
#..$..#..#.......###....
#!...............# #....
#...# .#.........# #.###
#... ..........#####.###
#.. .. #...............
## ##. ##.....##......
..............


You could see a worm and a hobgoblin (asleep).


Message History

An adder is nearby!
A goblin and a bat come into view.
The adder hisses angrily.
You tentacle-slap the adder. Your grab misses the adder.
The adder barely misses you.
You miss the adder. You grab the adder.
You constrict the adder, but do no damage.
The adder bites you. 😕 HP[-1]
You take 1 damage, and now have 17/18 hp.
You tentacle-slap the adder. You squeeze the adder.
You kill the adder!
Your Stealth skill increases to level 2!
You have reached level 3!
Your experience leads to an increase in your attributes!
Increase (S)trength, (I)ntelligence, or (D)exterity?
You feel agile. x2 😕 HP[+5] MP[+1]
You now have 23 max hp (+5).
You regained 5 hp, and now have 22/23 hp.
Your mp is fully restored (3).
Found a stone staircase leading down. 😎 HP[+1]
Your hp is fully restored (23).
You see here 2 gold pieces.
The helpless goblin fails to defend itself.
You bludgeon the goblin!
You kill the goblin!
No target in view!
No target in view!
You now have 30 gold pieces (gained 2).
You pick up a book of Power and begin reading...
You add the spells Iskenderun's Battlesphere, Bombard and Spellforged Servitor to your library.
A rat comes into view.
A rat is nearby!
A rat is nearby!
A rat is nearby!
An adder comes into view.
The adder moves out of view.
You tentacle-slap the rat. You grab the rat. You constrict the rat.
You kill the rat!
No target in view!
Found an escape hatch in the floor.
You see here a +2 whip of electrocution.
No target in view!
An adder is nearby!
An adder is nearby!
The adder hisses angrily.
The adder closely misses you.
You tentacle-slap the adder. Your grab misses the adder.
Your squeeze misses the adder. The adder bites you.
The adder closely misses you. 😕 HP[-3]
You take 3 damage, and now have 20/23 hp.
You closely miss the adder. Your grab misses the adder.
The adder barely misses you.
You miss the adder. Your grab misses the adder. The adder barely misses you.
You closely miss the adder. Your grab misses the adder. You squeeze the adder.
You kill the adder!
Unknown command. 😎 HP[+3]
Your hp is fully restored (23).
No reachable target in view!
A bat is nearby!
A bat is nearby!
No reachable target in view!
A bat is nearby!
No reachable target in view!
Unknown command.
No reachable target in view!
There is a stone staircase leading up here.
No target in view!
A frilled lizard comes into view.
You see here 5 gold pieces.
A ball python comes into view.
A worm comes into view.
The helpless frilled lizard fails to defend itself.
You bludgeon the frilled lizard!
You kill the frilled lizard!
Unknown command.
A hobgoblin comes into view.
The ball python barely misses you. The ball python closely misses you.
The worm bites you! The ball python barely misses you.
The ball python misses you. 😮 HP[-8]
You take 8 damage, and now have 15/23 hp.
MASSIVE DAMAGE!! (PAUSE)
You tentacle-slap the ball python.
You kill the ball python!
The worm bites you!
* * * LOW HITPOINT WARNING * * *
😨 HP[-9]
You take 9 damage, and now have 6/23 hp.
MASSIVE DAMAGE!! (PAUSE)
You tentacle-slap the worm. You grab the worm.
You constrict the worm. 😨 HP[+1] Unknown command.
You tentacle-slap the worm. You squeeze the worm! You constrict the worm.
The worm bites you!
You die...

Skill      XL: |  1  2 |
---------------+-------+-----
Stealth        | 1 2 |  2.3
Fighting       | |  1.0
Dodging        | |  2.7
Unarmed Combat | |  3.4
Shapeshifting  | |  3.0

Action                     || total
---------------------------++-------
  Melee: Unarmed           ||    42
         Constrict         ||    11
         Tentacles         ||     8
         Punch             ||     1
   Stab: Sleeping          ||     4
 Armour: Skin              ||    16
  Dodge: Dodged            ||    24

Levels and vault maps discovered:
D:1:      spicycebolla_arrival_clurvy, layout_basic, serial_shops,
          shop_fountains, minivault_19, minivault_14, feat_on_display
D:2:      layout_rooms, ebering_ecumenical_altar_mist, grunt_ministairs_3

Notes
Turn   | Place    | Note
-------+----------+-------------------------------------------
     0 | D:1      | ytrimaz the Octopode Shapeshifter began the quest for the
                  | Orb.
     0 | D:1      | Reached XP level 1. HP: 13/13 MP: 1/1
     0 | D:1      | magus.rc [v1.9.6]
   107 | D:1      | Found Duesorch's Magic Scroll Shop.
   169 | D:1      | Reached skill level 1 in Stealth
   204 | D:1      | Reached XP level 2. HP: 16/18 MP: 2/2
   808 | D:2      | Reached skill level 2 in Stealth
   808 | D:2      | Reached XP level 3. HP: 22/23 MP: 3/3
   819 | D:2      | You pick up a book of Power and begin reading...
   819 | D:2      | You add the spells Iskenderun's Battlesphere, Bombard and
                  | Spellforged Servitor to your library.
   871 | D:2      | Slain by a worm

Vanquished Creatures
  2 adders (D:2)
  2 ball pythons
  2 bats (D:1)
  An endoplasm (D:1)
  A giant cockroach (D:1)
  A goblin (D:2)
  A hobgoblin (D:1)
  2 jackals (D:1)
  A kobold (D:1)
  2 quokkas (D:1)
  4 frilled lizards
  A rat (D:2)
20 creatures vanquished.

Table legend:
 A = Non-vault XP
 B = Vault XP
 C = Vault XP percentage of total XP
 D = Non-vault monster count
 E = Vault monster count
 F = Vault count percentage of total count
                 A         B        C        D         E       F
            +---------+---------+-------+---------+---------+-------
      Total |      56 |       0 |   0.0 |      20 |       0 |   0.0
            +---------+---------+-------+---------+---------+-------
        D:1 |      24 |       0 |   0.0 |      14 |       0 |   0.0
        D:2 |      32 |       0 |   0.0 |       6 |       0 |   0.0
            +---------+---------+-------+---------+---------+-------

Skill      XL: |  1  2 |
---------------+-------+-----
Stealth        | 1 2 |  2.3
Fighting       | |  1.0
Dodging        | |  2.7
Unarmed Combat | |  3.4
Shapeshifting  | |  3.0

Action                     || total
---------------------------++-------
  Melee: Unarmed           ||    42
         Constrict         ||    11
         Tentacles         ||     8
         Punch             ||     1
   Stab: Sleeping          ||     4
 Armour: Skin              ||    16
  Dodge: Dodged            ||    24

Illustrated notes

Table legend:
 A = Kills in this place as a percentage of kills in the entire game.
 B = Kills by you in this place as a percentage of kills by you in the entire game.
 C = Kills by friends in this place as a percentage of kills by friends in the entire game.
 D = Other kills in this place as a percentage of other kills in the entire game.
 E = Experience gained in this place as a percentage of experience gained in the entire game.
 F = Experience gained in this place divided by the number of levels of this place that you have seen.
                   A       B       C       D       E      F
               +-------+-------+-------+-------+-------+----------------------
         Total | 100.0 | 100.0 |   N/A |   N/A | 100.0 |  28.0
       Dungeon | 100.0 | 100.0 |   N/A |   N/A | 100.0 |  28.0
               +-------+-------+-------+-------+-------+----------------------

Table legend: (Time is in decaauts)
 A = Elapsed time spent in this place.
 B = Non-inter-level travel time spent in this place.
 C = Inter-level travel time spent in this place.
 D = Time resting spent in this place.
 E = Time spent auto-exploring this place.
 F = Levels seen in this place.
 G = Mean time per level.
                   A        B        C        D        E       F      G
               +--------+--------+--------+--------+--------+-----+--------+
         Total |    868 |    818 |     50 |      0 |    677 |   2 |  434.0 |
       Dungeon |    868 |    818 |     50 |      0 |    677 |   2 |  434.0 |
               +--------+--------+--------+--------+--------+-----+--------+

Top non-repeatable levels by time:
     D:1: 799 daAuts
     D:2: 68 daAuts
